 Dungeon Crawl Stone Soup version 0.27-a0-906-g0a00ce863d (webtiles) character file.

Game seed: 5687928776371737625

6962 robertstho the Grappler (level 10, -3/98 HPs)
             Began as a Troll Berserker on Apr 6, 2021.
             Was an Elder of Trog.
             Slain by a death yak (21 damage)
             ... on level 8 of the Dungeon.
             The game lasted 00:08:49 (6087 turns).

robertstho the Grappler (Troll Berserker)           Turns: 6087, Time: 00:08:49

Health: -3/98      AC:  8    Str: 28    XL:     10   Next: 81%
Magic:  18/18      EV: 11    Int:  5    God:    Trog [****..]
Gold:   435        SH:  0    Dex:  9    Spells: 9/9 levels left

rFire    . . .     SeeInvis .     - Unarmed
rCold    . . .     Faith    .   (no shield)
rNeg     . . .     Spirit   .   a - +0 animal skin
rPois    .         Reflect  .   (helmet restricted)
rElec    .         Harm     .   (no cloak)
rCorr    .         Rampage  .   (gloves unavailable)
Will     .....                  (boots unavailable)
Stlth    +.........             (no amulet)
HPRegen  1.26/turn              t - +4 ring of protection
MPRegen  0.16/turn              C - ring of magical power

@: on berserk cooldown, slowed, very slow
A: large, unfitting armour, claws 3, regeneration 1, shaggy fur 1, tough skin 1
a: Renounce Religion, Berserk, Trog's Hand, Brothers in Arms


You were on level 8 of the Dungeon.
You worshipped Trog.
Trog was greatly pleased with you.
You visited 1 branch of the dungeon, and saw 8 of its levels.
You also visited: Ossuary.

You collected 663 gold pieces.
You spent 228 gold pieces at shops.

Inventory:

Hand Weapons
 u - a +4 spear of freezing
Missiles
 f - 2 throwing nets
 B - 8 atropa-tipped darts
Armour
 a - a +0 animal skin (worn)
Jewellery
 q - a +4 ring of protection
 t - a +4 ring of protection (left claw)
 C - a ring of magical power (right claw)
Wands
 j - a wand of polymorph (9)
 z - a wand of random effects (14)
 A - a wand of charming (9)
 E - a wand of flame (24)
Scrolls
 b - 2 scrolls of immolation {unknown}
 c - 7 scrolls of enchant armour {unknown}
 d - 4 scrolls of enchant weapon {unknown}
 g - 3 scrolls of fog {unknown}
 h - 5 scrolls of teleportation
 s - a scroll of summoning {unknown}
 v - a scroll of brand weapon {unknown}
 x - a scroll of holy word {unknown}
 y - 2 scrolls of amnesia {unknown}
 D - a scroll of torment {unknown}
Potions
 e - 3 potions of flight
 i - a potion of resistance {unknown}
 k - a potion of invisibility
 l - a potion of mutation
 m - 3 potions of haste
 n - 3 potions of curing
 o - 2 potions of attraction
 p - a potion of cancellation {unknown}
 r - 3 potions of heal wounds
 w - a potion of ambrosia {unknown}
 F - a potion of berserk rage
 G - a potion of lignification


   Skills:
 * Level 6.0 Fighting
 + Level 5.1 Dodging
 + Level 1.5 Stealth
 * Level 13.8 Unarmed Combat


You had 9 spell levels left.
You didn't know any spells.
Your spell library was empty.

Dungeon Overview and Level Annotations

Branches:
Dungeon (8/15)             Temple (0/1) D:6            Lair (0/6) D:8
Ossuary (visited)

Altars:
Xom

Shops:
D:3 ?:   D:4 *   D:6 [

Annotations:
D:6 Good armour


Innate Abilities, Weirdness & Mutations

You are too large for most types of armour.
You have claws for hands.
Your natural rate of healing is unusually fast.
You are covered in fur. (AC +1)
You have tough skin. (AC +1)


Message History

The death yak gores you but does no damage.
You claw the death yak! You claw the death yak.
The death yak is severely wounded.
You claw the death yak!
The death yak is almost dead.
The death yak barely misses you.
You mangle the death yak!!
You kill the death yak!
Trog accepts your kill.
Your Fighting skill increases to level 6!
Your Dodging skill increases to level 5!
The yak gores you. The death yak gores you!
You see here a death yak corpse.
You mangle the yak!!
You kill the yak!
Trog accepts your kill. The death yak gores you.
You see here a yak corpse.
You mangle the death yak!! You claw the death yak.
The death yak is moderately wounded.
The death yak barely misses you.
You mangle the death yak!!
The death yak is heavily wounded.
You mangle the death yak!!
The death yak is almost dead.
You are no longer berserk.
You are exhausted.
You feel yourself slow down. The yak gores you but does no damage.
The yak barely misses you. The death yak gores you!!
* * * LOW HITPOINT WARNING * * *
The yak completely misses you.
You barely miss the yak. The yak barely misses you. The death yak gores you!
* * * LOW HITPOINT WARNING * * *
The yak gores you.
* * * LOW HITPOINT WARNING * * *
You feel much better. The yak gores you!
* * * LOW HITPOINT WARNING * * *
The death yak gores you!!
You die...

*,* #.# ########.#### *,* #.#
#............ *,*
#.###.######..... *,* #.#.#.#
#..### *,* ##.....#### #..# *,*
#.......).# #..# *,*
#######.#######.###..# *,*
#....)Y†##...##..##..# ***,****
#.#####@#.....#..##.>#
,,,,,,,###,***##YY............###
,,,,,*,,...,,,,..#.....#..###....
,,,,,,*###.##*##.##...##.## #####
,,,,,,,,...g.*#.)###.###.########
,,,,,,,,,,#..##).)......Y>YY.YY..
,,,,,,.#..##....#)#####.#######..
,,,,,,..YYYY..##..# *#.## ###..
,,,,,,>.......###.#*#.#* ####....


You could see a death yak and 2 yaks.

Vanquished Creatures
  4 death yaks (D:8)
  A two-headed ogre (D:8)
  Grinder (D:3)
  3 yaks (D:8)
  A wyvern (D:5)
  A black bear (D:6)
  An orc warrior (D:8)
  2 sky beasts
  6 ogres
  2 centaurs (D:7)
  A necrophage (D:5)
  A kobold brigand (D:7)
  A phantom (D:5)
  A bullfrog (D:7)
  A gnoll sergeant (D:8)
  4 scorpions
  A water moccasin skeleton (D:5)
  4 killer bees (D:8)
  4 wights (D:5)
  A howler monkey (D:5)
  A bullfrog zombie (D:6)
  A centaur zombie (D:6)
  4 hounds
  2 jellies
  2 orc priests
  A centaur skeleton (D:7)
  Terence (D:2)
  5 iguanas
  Natasha (twice) (D:2)
  3 orc wizards
  A killer bee zombie (D:6)
  8 mummies (Ossuary)
  10 gnolls
  6 adders
  2 shadow imps
  4 white imps
  An adder skeleton (D:5)
  3 worms
  A dart slug (D:1)
  21 orcs
  A ball python (D:2)
  4 bats
  6 endoplasms
  3 giant cockroaches
  7 goblins
  10 hobgoblins
  2 jackals (D:5)
  3 quokkas
  2 gnoll zombies (Ossuary)
  4 hobgoblin zombies (Ossuary)
  17 kobolds
  2 orc zombies (Ossuary)
  4 rats (D:1)
185 creatures vanquished.

Vanquished Creatures (others)
  11 plants
11 creatures vanquished.

Grand Total: 196 creatures vanquished

Notes
Turn   | Place    | Note
-------+----------+-------------------------------------------
     0 | D:1      | robertstho the Troll Berserker began the quest for the Orb.
     0 | D:1      | Reached XP level 1. HP: 22/22 MP: 0/0
    92 | D:1      | Reached XP level 2. HP: 29/29 MP: 1/1
   708 | D:1      | Reached XP level 3. HP: 19/36 MP: 2/2
  1298 | D:2      | Noticed Terence
  1302 | D:2      | Noticed Natasha
  1307 | D:2      | Killed Terence
  1307 | D:2      | Reached ** piety under Trog
  1308 | D:2      | Reached skill level 4 in Unarmed Combat
  1308 | D:2      | Reached XP level 4. HP: 45/45 MP: 3/3
  1312 | D:2      | Killed Natasha
  1409 | D:2      | Reached XP level 5. HP: 44/53 MP: 4/4
  1747 | D:2      | Noticed Natasha
  1752 | D:2      | Killed Natasha
  1839 | D:3      | Reached skill level 5 in Unarmed Combat
  1846 | D:3      | Noticed Grinder
  1857 | D:3      | Killed Grinder
  1858 | D:3      | Reached skill level 6 in Unarmed Combat
  1858 | D:3      | Reached XP level 6. HP: 45/61 MP: 5/5
  1970 | D:3      | Found Joageall's Book Emporium.
  2010 | D:3      | Found Lammugai's Magic Scroll Emporium.
  2028 | D:3      | Bought a scroll of identify for 22 gold pieces
  2028 | D:3      | Bought a scroll of identify for 22 gold pieces
  2028 | D:3      | Bought a scroll of identify for 22 gold pieces
  2028 | D:3      | Bought a scroll of teleportation for 33 gold pieces
  2028 | D:3      | Bought a scroll of identify for 22 gold pieces
  2028 | D:3      | Bought a scroll of identify for 22 gold pieces
  2028 | D:3      | Bought a scroll of magic mapping for 38 gold pieces
  2739 | D:4      | Reached *** piety under Trog
  2740 | D:4      | Reached XP level 7. HP: 55/68 MP: 6/6
  2743 | D:4      | Reached skill level 7 in Unarmed Combat
  3155 | D:4      | Found Oter's Assorted Antiques.
  3160 | D:4      | Bought a scroll labelled BIGUAS WYCU for 25 gold pieces
  3160 | D:4      | Bought an emerald potion for 22 gold pieces
  3289 | D:5      | Entered Level 5 of the Dungeon
  3330 | D:5      | Noticed a wyvern
  3333 | D:5      | Killed a wyvern
  3374 | D:5      | Reached skill level 8 in Unarmed Combat
  3384 | D:5      | Reached XP level 8. HP: 76/76 MP: 7/7
  3516 | D:5      | Reached skill level 9 in Unarmed Combat
  3721 | D:5      | Found a shimmering altar of Xom.
  4030 | D:6      | Found a staircase to the Ecumenical Temple.
  4069 | D:6      | Reached skill level 10 in Unarmed Combat
  4103 | D:6      | Reached **** piety under Trog
  4133 | D:6      | Reached XP level 9. HP: 58/85 MP: 8/8
  4137 | D:6      | Reached skill level 1 in Stealth
  4218 | D:6      | Found Jataw's Antique Armour Emporium.
  4751 | D:7      | Reached skill level 11 in Unarmed Combat
  4840 | D:7      | Reached skill level 5 in Fighting
  5461 | D:8      | Noticed a two-headed ogre
  5461 | D:8      | Noticed a two-headed ogre
  5467 | D:8      | Killed a two-headed ogre
  5468 | D:8      | Reached skill level 12 in Unarmed Combat
  5499 | D:8      | Found a sand-covered staircase.
  5508 | Ossuary  | Entered an ossuary
  5772 | D:8      | Reached XP level 10. HP: 96/96 MP: 9/9
  5929 | D:8      | Noticed a death yak
  5931 | D:8      | Found a staircase to the Lair.
  5931 | D:8      | Noticed a death yak
  5979 | D:8      | Killed a death yak
  6050 | D:8      | Noticed a death yak
  6050 | D:8      | Noticed a death yak
  6050 | D:8      | Noticed a death yak
  6066 | D:8      | Killed a death yak
  6067 | D:8      | Reached skill level 13 in Unarmed Combat
  6072 | D:8      | Killed a death yak
  6078 | D:8      | Killed a death yak
  6079 | D:8      | Reached skill level 5 in Dodging
  6086 | D:8      | HP: 1/98 [yak (5)]
  6087 | D:8      | Slain by a death yak

Illustrated notes

Levels and vault maps discovered:
D:1:      elethiomel_arrival_maze, layout_basic, lexackson_kobold_supper
D:2:      layout_basic, serial_forest, infiniplex_forest_clump_diagonal,
          infiniplex_forest_fountain, infiniplex_forest_clump_double,
          infiniplex_forest_clump_small, infiniplex_forest_clump_small,
          infiniplex_forest_lined_2, infiniplex_forest_lined_2,
          infiniplex_forest_lined_3_way, nrook_mini_vaults, uniq_natasha,
          uniq_terence
D:3:      layout_loops_ring, serial_shops, shop, shop, uniq_grinder
D:4:      layout_basic, serial_shops, kennysheep_little_box, chequers_jeans
D:5:      layout_cave_pools, lemuel_tele_altar
D:6:      layout_gridville, temple_pool_b, serial_shops, shop
D:7:      layout_loops_cross
D:8:      layout_loops_ring, dpeg_lair_monsters, enter_ossuary_1,
          minmay_misc_feat_enclosed, minmay_checkerbox

Skill      XL: |  1  2  3  4  5  6  7  8  9 10 |
---------------+-------------------------------+-----
Fighting       | 3 4 5 6 |  6.0
Unarmed Combat | 4 6 8 10 12 13 | 13.8
Dodging        | 3 4 5 |  5.1
Stealth        | 1 |  1.5

Action                   |  1- 3 |  4- 6 |  7- 9 | 10-12 || total
-------------------------+-------+-------+-------+-------++-------
Melee: Unarmed           |    85 |   115 |   272 |    61 ||   533
       Punch             |       |     1 |    10 |     4 ||    15
Invok: Berserk           |     1 |       |     3 |     2 ||     6
       Brothers in Arms  |       |       |     1 |       ||     1
  Use: Scroll            |       |     7 |     5 |     2 ||    14
       Potion            |       |       |       |     1 ||     1
 Stab: Sleeping          |       |     1 |     1 |       ||     2
       Distracted        |       |     1 |       |       ||     1
Armor: Animal skin       |    31 |    27 |    79 |     9 ||   146
       Skin              |     2 |     1 |       |       ||     3
Dodge: Dodged            |    37 |    45 |   130 |    21 ||   233

Table legend: (Time is in decaauts)
 A = Elapsed time spent in this place.
 B = Non-inter-level travel time spent in this place.
 C = Inter-level travel time spent in this place.
 D = Time resting spent in this place.
 E = Time spent auto-exploring this place.
 F = Levels seen in this place.
 G = Mean time per level.
                   A        B        C        D        E       F      G
               +--------+--------+--------+--------+--------+-----+--------+
         Total |   6061 |   5900 |    161 |      8 |   4789 |   9 |  673.4 |
       Dungeon |   5866 |   5705 |    161 |      8 |   4665 |   8 |  733.2 |
       Ossuary |    194 |    194 |      0 |      0 |    123 |   1 |  194.0 |
               +--------+--------+--------+--------+--------+-----+--------+

Top non-repeatable levels by time:
     D:1: 937 daAuts
     D:2: 884 daAuts
     D:6: 807 daAuts
     D:4: 760 daAuts
     D:7: 730 daAuts
     D:3: 704 daAuts
     D:5: 602 daAuts
     D:8: 440 daAuts
 Ossuary: 194 daAuts
